 Dungeon Crawl Stone Soup version 0.27-a0-67-g4bfc8a49e1 (webtiles) character file.

Game seed: 11398214388314961466

655 timneilson the Shield-Bearer (level 7, 0/44 HPs)
             Began as a Gargoyle Fighter on Jan 10, 2021.
             Slain by an unseen horror (7 damage)
             ... on level 5 of the Dungeon.
             The game lasted 00:07:52 (4356 turns).

timneilson the Shield-Bearer (Gargoyle Fighter)     Turns: 4356, Time: 00:07:53

Health: 0/44       AC: 18    Str: 22    XL:     7   Next: 54%
Magic:  7/7        EV:  8    Int:  8    God:
Gold:   244        SH: 10    Dex:  9    Spells: 6/6 levels left

rFire    . . .     SeeInvis .   a - +0 long sword
rCold    . . .     Faith    .   c - +0 kite shield
rNeg     + + .     Spirit   .   b - +0 scale mail
rPois    ∞         Reflect  .   n - +0 helmet
rElec    +         Harm     .   p - +1 cloak
rCorr    .         Rampage  .   (no gloves)
Will     .....                  q - +1 pair of boots
Stlth    ..........             (no amulet)
HPRegen  0.14/turn              g - ring of positive energy
MPRegen  0.10/turn              (no ring)

@: no status effects
A: negative energy resistance 1, electricity resistance, unbreathing,
petrification resistance, miasma immunity, AC +4
a: no special abilities


You were on level 5 of the Dungeon.
You visited 1 branch of the dungeon, and saw 5 of its levels.

You collected 244 gold pieces.

Inventory:

Hand Weapons
 a - a +0 long sword (weapon)
Armour
 b - a +0 scale mail (worn)
 c - a +0 kite shield (worn)
 n - a +0 helmet (worn)
 p - a +1 cloak (worn)
 q - a +1 pair of boots (worn)
 t - a +0 plate armour
Jewellery
 g - a ring of positive energy (left hand)
Wands
 r - a wand of enslavement (7)
Scrolls
 m - a scroll of magic mapping
 o - 6 scrolls of teleportation
 s - 2 scrolls of remove curse
Potions
 d - a potion of lignification {unknown}
 f - a potion of flight {unknown}
 h - a potion of invisibility {unknown}
 i - 4 potions of brilliance {unknown}
 j - 2 potions of curing {unknown}
 k - 4 potions of mutation
 l - 2 potions of haste
 u - a potion of attraction {unknown}
 v - a potion of cancellation {unknown}


   Skills:
 + Level 4.5 Fighting
 * Level 4.2 Long Blades
 * Level 5.7 Armour
 * Level 5.7 Shields


You had 6 spell levels left.
You didn't know any spells.
Your spell library was empty.

Dungeon Overview and Level Annotations

Branches:
Dungeon (5/15)
 Temple: D:4-7

Altars:
Dithmenos
Gozag
Sif Muna
Uskayaw
Vehumet
Xom
Zin
The Shining One


Innate Abilities, Weirdness & Mutations

You are resistant to torment.
Your stone body is resilient. (AC +4)
You are immune to poison.
You resist negative energy. (rN+)
You are resistant to electric shocks. (rElec)
You can survive without breathing.
You are immune to petrification.
You are immune to miasma.


Message History

You barely miss something. Something hits you but does no damage.
You hit something but do no damage. Something hits you. Something hits you.
Something hits you but does no damage. x2
You barely miss something. Something hits you but does no damage.
Something hits you.
* * * LOW HITPOINT WARNING * * *
You block something's attack.
You closely miss something. Something hits you but does no damage.
You closely miss something.
Something hits you but does no damage. x2
You miss something. You block something's attack.
Something hits you but does no damage.
Something hits you but does no damage. x2
Something hits you but does no damage.
You hit something. Something hits you but does no damage.
Something hits you but does no damage. Something hits you.
* * * LOW HITPOINT WARNING * * *
You slash something! You block something's attack.
Something hits you but does no damage. Something hits you!
You die...

..............................
.._...........................
..............................
......................<.......
###......###..................
........## ##...............##
##..##...# #.........#.....##
#. #....#####....☼.☼...###..#
. #..#......@...°.☼☼.### #...
#.!..#.#####.....°.°..# #...
#.####........#..§....#######
#. ###....###............## #
#....#..###.###.......... #.##
##...........##._...
####........##.....
#####...........##...##
.##........###.#......##


There were no monsters in sight!

Vanquished Creatures
  A phantom (D:4)
  2 scorpions
  A hound (D:4)
  An orc priest (D:4)
  3 orc wizards (D:4)
  A worker ant (D:4)
  Natasha (twice) (D:2)
  A hound skeleton (D:5)
  Robin (D:3)
  11 adders
  An ooze (D:1)
  4 worms
  4 dart slugs
  A leopard gecko (D:1)
  12 orcs
  2 bats
  6 giant cockroaches
  23 goblins
  10 hobgoblins
  3 jackals (D:3)
  9 kobolds
  2 quokkas (D:5)
  4 ball pythons
  2 frilled lizards
  2 jackal skeletons (D:4)
  2 quokka skeletons
  8 rats
119 creatures vanquished.

Notes
Turn   | Place    | Note
-------+----------+-------------------------------------------
     0 | D:1      | timneilson the Gargoyle Fighter began the quest for the
                  | Orb.
     0 | D:1      | Reached XP level 1. HP: 14/14 MP: 1/1
   205 | D:1      | Reached XP level 2. HP: 19/19 MP: 2/2
   615 | D:2      | Reached XP level 3. HP: 23/23 MP: 3/3
   912 | D:2      | Reached XP level 4. HP: 28/28 MP: 4/4
   965 | D:2      | Noticed Natasha
   976 | D:2      | Killed Natasha
  1555 | D:2      | Noticed Natasha
  1563 | D:2      | Killed Natasha
  1564 | D:2      | Reached XP level 5. HP: 29/33 MP: 5/5
  1792 | D:2      | Found a shadowy altar of Dithmenos.
  1937 | D:3      | Found a hide-covered altar of Uskayaw.
  2218 | D:3      | Found a shimmering blue altar of Sif Muna.
  2589 | D:3      | Noticed Robin
  2618 | D:3      | Killed Robin
  2619 | D:3      | Reached XP level 6. HP: 28/38 MP: 6/6
  3114 | D:4      | Reached skill level 5 in Armour
  3119 | D:4      | Reached skill level 5 in Shields
  3149 | D:4      | Noticed a phantom
  3177 | D:4      | Killed a phantom
  3227 | D:4      | Reached XP level 7. HP: 43/43 MP: 7/7
  3419 | D:4      | Found a glowing golden altar of the Shining One.
  3658 | D:4      | Found a shimmering altar of Xom.
  3954 | D:5      | Entered Level 5 of the Dungeon
  4061 | D:5      | Found a radiant altar of Vehumet.
  4071 | D:5      | Found an opulent altar of Gozag.
  4251 | D:5      | Found a glowing silver altar of Zin.
  4356 | D:5      | Slain by an unseen horror

Illustrated notes

Levels and vault maps discovered:
D:1:      minmay_arrival_arboretum_small, layout_basic
D:2:      layout_basic, general_overflow_altar, uniq_natasha
D:3:      kennysheep_goblin_castle, layout_basic, overflow_temple_1_default,
          led_sif_book, minmay_misc_feat_rows
D:4:      layout_basic, old_standard_altar, lemuel_crystal_altar
D:5:      layout_rooms, kennysheep_mini, nicolae_gozag_seed_capital,
          fiery_altar_vehumet, overflow_temple_1_default, kennysheep_little_box,
          kennysheep_decorative_pillar, grunt_ministairs_6

Skill      XL: |  1  2  3  4  5  6  7 |
---------------+----------------------+-----
Long Blades    | 2 3 4 |  4.2
Armour         | 4 5 |  5.7
Shields        | 4 5 |  5.7
Fighting       | 4 |  4.5

Action                   |  1- 3 |  4- 6 |  7- 9 || total
-------------------------+-------+-------+-------++-------
Melee: Long sword        |   111 |   285 |   121 ||   517
  Use: Scroll            |     3 |     5 |     2 ||    10
       Potion            |       |     2 |     3 ||     5
Armor: Scale mail        |    63 |   202 |   128 ||   393
Dodge: Dodged            |    30 |   128 |    21 ||   179
Block: Kite shield       |    57 |   205 |    60 ||   322
       Rpst.: Long sword |    12 |    48 |     8 ||    68

Table legend: (Time is in decaauts)
 A = Elapsed time spent in this place.
 B = Non-inter-level travel time spent in this place.
 C = Inter-level travel time spent in this place.
 D = Time resting spent in this place.
 E = Time spent auto-exploring this place.
 F = Levels seen in this place.
 G = Mean time per level.
                   A        B        C        D        E       F      G
               +--------+--------+--------+--------+--------+-----+--------+
         Total |   4520 |   4412 |    108 |      0 |   3254 |   5 |  904.0 |
       Dungeon |   4520 |   4412 |    108 |      0 |   3254 |   5 |  904.0 |
               +--------+--------+--------+--------+--------+-----+--------+

Top non-repeatable levels by time:
     D:2: 1280 daAuts
     D:3: 1277 daAuts
     D:4: 908 daAuts
     D:1: 631 daAuts
     D:5: 422 daAuts
